 Dungeon Crawl Stone Soup version 0.31-a0-188-g5e087ee2ca (webtiles) character file.

Game seed: 18317857573911711581

38 qw the Shooter (level 3, -4/20 HPs)
             Began as a Deep Elf Hunter on June 23, 2023.
             Killed from afar by Sigmund (9 damage)
             ... with a magic dart
             ... on level 3 of the Dungeon.
             The game lasted 00:00:27 (1368 turns).

qw the Shooter (Deep Elf Hunter)                    Turns: 1368, Time: 00:00:28

Health: -4/20      AC:  5    Str: 10    XL:     3   Next: 25%
Magic:  5/5        EV: 11    Int: 13    God:
Gold:   99         SH:  0    Dex: 18    Spells: 2/2 levels left

rFire   . . .        Y - +0 shortbow
rCold   . . .        (shield currently unavailable)
rNeg    . . .        e - +0 ring mail
rPois   .            (no helmet)
rElec   .            (no cloak)
rCorr   .            (no gloves)
SInv    .            (no boots)
Will    .....        (no amulet)
Stlth   +            (no ring)
HPRegen 0.23/turn    (no ring)
MPRegen 0.09/turn

%: no passive effects
@: no status effects
A: no striking features
a: no special abilities


You were on level 3 of the Dungeon.
You visited 1 branch of the dungeon, and saw 3 of its levels.

You collected 99 gold pieces.


   Skills:
 - Level 1.5 Fighting
 + Level 6.8 Ranged Weapons
 - Level 2.4 Dodging
 - Level 1.2 Stealth


You had 2 spell levels left.
You didn't know any spells.
Your spell library was empty.

Inventory:

Hand Weapons
 Y - a +0 shortbow (weapon)
Armour
 e - a +0 ring mail (worn)
Scrolls
 a - a scroll of identify
Potions
 b - a potion of magic {unknown}
 c - a potion of haste {unknown}
 d - a potion of brilliance {unknown}
 g - a potion of attraction {unknown}
 i - a potion of heal wounds {unknown}

Dungeon Overview and Level Annotations

Branches:
Dungeon (3/15)

Altars:
Dithmenos

Annotations:
D:3 Sigmund


Message History

There is a stone staircase leading up here.
Waypoint 2 assigned to D:3.
You open the door.
There is an open door here.
A bat comes into view.
You shoot an arrow. The arrow hits the bat!
You kill the bat!
A hobgoblin comes into view.
The hobgoblin shouts!
You shoot an arrow. The arrow hits the hobgoblin!
You kill the hobgoblin!
You feel your willpower return.
A frilled lizard comes into view.
You see here a sedimented amethyst potion.
You shoot an arrow. The arrow hits the frilled lizard.
You kill the frilled lizard!
c - a sedimented amethyst potion Sigmund the Dreaded comes into view.
He is wielding a +0 scythe.
Sigmund shouts!
Sigmund gestures wildly while chanting.
Sigmund flickers and vanishes!
Deactivating autopickup; reactivate with Ctrl-A.
You shoot an arrow. You shoot an arrow. You shoot an arrow.
A magic dart appears from out of thin air!
The magic dart hits you!
You shoot an arrow. You shoot an arrow. Something barely misses you.
You shoot an arrow.
You hear some strange, mumbled words.
Something tries to affect you, but you resist.
You shoot an arrow.
A magic dart appears from out of thin air!
The magic dart hits you!
You shoot an arrow.
A magic dart appears from out of thin air!
The magic dart hits you!
You die...

... #.# #.# #.# #.#
#.# ##.####.#####.#
.......@.{....#
#######
##.####.#####.#
......# #.# #.#
#####'## #.# #.#
.......# #.# #.#####.#
.......# #.# #........
.......####.##
#..####..
.............###.....#
........###%......##.#


There were no monsters in sight!

Vanquished Creatures
  2 dart slugs (D:1)
  6 bats
  3 endoplasms
  3 giant cockroaches (D:1)
  5 goblins
  2 hobgoblins
  2 quokkas (D:1)
  4 ball pythons
  2 frilled lizards
  3 rats
32 creatures vanquished.

Notes
Turn   | Place    | Note
-------+----------+-------------------------------------------
     0 | D:1      | qw the Deep Elf Hunter began the quest for the Orb.
     0 | D:1      | Reached XP level 1. HP: 12/12 MP: 3/3
     0 | D:1      | 0 ||| qw: Version: 0.3-a-9-g12657ce
     0 | D:1      | 0 ||| qw: Game counter: 4277
     0 | D:1      | 0 ||| qw: Always use a shield: true
     0 | D:1      | 0 ||| qw: God list: Okawaru
     0 | D:1      | 0 ||| qw: Allow faded altars: false
     0 | D:1      | 0 ||| qw: Do Orc after D:15 true
     0 | D:1      | 0 ||| qw: Do second Lair branch before Depths: true
     0 | D:1      | 0 ||| qw: Lair rune preference: random
     0 | D:1      | 0 ||| qw: Plans: Normal
     0 | D:1      | 0 ||| PLANNING D:1-11
    84 | D:1      | Reached skill level 6 in Ranged Weapons
    84 | D:1      | Reached XP level 2. HP: 16/16 MP: 4/4
   648 | D:1      | Reached XP level 3. HP: 19/20 MP: 5/5
   839 | D:1      | 839 ||| UPGRADING to +0 ring mail.
   849 | D:1      | 849 ||| DROPPING +0 leather armour.
   850 | D:1      | 850 ||| READING 2 scrolls labelled OLIAHI JEICETT.
   851 | D:1      | 851 ||| READING scroll labelled ETSE ROIWEWN.
   852 | D:1      | 852 ||| DROPPING scroll of butterflies.
   867 | D:2      | Found a shadowy altar of Dithmenos.
  1302 | D:2      | 1302 ||| READING scroll labelled APEDUI NAODO.
  1360 | D:3      | Noticed Sigmund
  1367 | D:3      | HP: 4/20 [something/magic dart (8)]
  1368 | D:3      | Killed from afar by Sigmund

Levels and vault maps discovered:
D:1:      doesnt_arrival_eight_statues, layout_basic
D:2:      minmay_wonky_spiral, layout_rooms, basic_altar
D:3:      layout_basic, uniq_sigmund

Skill      XL: |  1 |
---------------+----+-----
Ranged Weapons | 6 |  6.8
Fighting       | |  1.5
Dodging        | |  2.4
Stealth        | |  1.2

Action                     || total
---------------------------++-------
   Fire: Shortbow          ||    96
    Use: Scroll            ||     3
 Armour: Leather armour    ||    13
  Dodge: Dodged            ||    21

Table legend:
 A = Non-vault XP
 B = Vault XP
 C = Vault XP percentage of total XP
 D = Non-vault monster count
 E = Vault monster count
 F = Vault count percentage of total count
                 A         B        C        D         E       F
            +---------+---------+-------+---------+---------+-------
      Total |      49 |       6 |  10.9 |      28 |       4 |  12.5
            +---------+---------+-------+---------+---------+-------
        D:1 |      41 |       0 |   0.0 |      22 |       0 |   0.0
        D:2 |       4 |       6 |  60.0 |       3 |       4 |  57.1
        D:3 |       4 |       0 |   0.0 |       3 |       0 |   0.0
            +---------+---------+-------+---------+---------+-------
